 Dungeon Crawl Stone Soup version 0.32-a0-871-ge202e49faa (webtiles) character file.

Game seed: 17337092820553665336

545 Autsider the Chiller (level 7, -1/54 HPs)
             Began as a Barachi Ice Elementalist on Mar 29, 2024.
             Slain by a phantom (4 damage)
             ... on level 5 of the Dungeon.
             The game lasted 00:12:30 (3503 turns).

Autsider the Chiller (Barachi Ice Elementalist)     Turns: 3503, Time: 00:12:30

Health: -1/54      AC:  2    Str:  9    XL:     7   Next: 27%
Magic:  18/22      EV: 11    Int: 23    God:
Gold:   178        SH:  0    Dex: 13    Spells: 4/14 levels left

rFire   . . .        p - +1 trident (freeze)
rCold   . . .        (no shield)
rNeg    . . .        a - +0 robe
rPois   .            (no helmet)
rElec   .            (no cloak)
rCorr   .            (no gloves)
SInv    .            (no boots)
Will    .....        q - amulet of magic regeneration
Stlth   ++           r - ring of magical power
HPRegen 0.29/turn    x - +6 ring of intelligence
MPRegen 0.58/turn

%: no passive effects
@: slow
A: amphibious, slowness 1, strong legs 1, +LOS
a: Hop


You were on level 5 of the Dungeon.
You visited 2 branches of the dungeon, and saw 6 of its levels.

You collected 178 gold pieces.

Inventory:

Hand Weapons
 g - a +1 spear
 p - a +1 trident of freezing (weapon)
 s - a +1 vampiric dagger
Armour
 a - a +0 robe (worn)
Jewellery
 q - an amulet of magic regeneration (around neck)
 r - a ring of magical power (left hand)
 x - a +6 ring of intelligence (right hand)
Wands
 c - a wand of light (7)
Scrolls
 d - a scroll of fog {unknown}
 f - 3 scrolls of immolation {unknown}
 j - 2 scrolls of torment {unknown}
 n - 2 scrolls of blinking {unknown}
 u - a scroll of noise {unknown}
 v - a scroll of enchant armour {unknown}
Potions
 b - a potion of magic
 e - 2 potions of brilliance {unknown}
 h - a potion of degeneration {unknown}
 i - 4 potions of curing {unknown}
 k - 2 potions of invisibility {unknown}
 l - 4 potions of heal wounds {unknown}
 m - a potion of haste {unknown}
 o - 2 potions of experience {unknown}
 t - a potion of might {unknown}
 w - a potion of ambrosia {unknown}


   Skills:
 + Level 4.1 Fighting
 - Level 2.1 Dodging
 - Level 1.7 Stealth
 + Level 4.1 Spellcasting
 + Level 2.1 Summonings
 * Level 7.8 Ice Magic


You had 4 spell levels left.
You knew the following spells:

 Your Spells              Type           Power      Damage    Failure   Level
a - Freeze                Ice            100%       1d10      1%          1
b - Frozen Ramparts       Ice            80%        1d13      1%          3
c - Ozocubu's Armour      Ice            40%        N/A       1%          3
d - Summon Ice Beast      Ice/Summ       27%        N/A       4%          3

Your spell library contained the following spells:

 Spells                   Type           Power      Damage    Failure   Level
 Call Imp                 Summ           28%        N/A       7%          2
 Sublimation of Blood     Necr           4%         N/A       16%         2
 Passwall                 Erth           4%         N/A       30%         3
 Volatile Blastmotes      Fire/Tloc      8%         2d10      30%         3
 Fulminant Prism          Conj/Alch      2%         3d5       71%         4
 Iskenderun's Mystic Bla Conj/Tloc 4%             2d3        (+2d1     71%         4
 Vhi's Electric Charge    Tloc/Air       8%         N/A       71%         4
 Bombard                  Conj/Erth      2%         9d1       100%        6
 Summon Hydra             Summ           7%         N/A       100%        7


Dungeon Overview and Level Annotations

Branches:
Dungeon (5/15)             Temple (1/1) D:4

Altars:
Ashenzari
Cheibriados
Dithmenos
Elyvilon
Gozag
Kikubaaqudgha
Makhleb
Nemelex Xobeh
Okawaru
Ru
Trog
Vehumet
Wu Jian
Xom
Zin
The Shining One

Shops:
D:3 [

Annotations:
Temple 4 transporters


Innate Abilities, Weirdness & Mutations

You are amphibious.
You cover ground slowly.
You can hop short distances.
You have an extended range of vision and can be seen from far away.


Message History

You completely miss the phantom.
The phantom is moderately damaged.
The phantom completely resists.
The wall freezes the phantom but does no damage.
The phantom hits you.
The phantom blinks!
You blink.
The frozen ramparts melt away as you move.
The phantom barely misses you.
You hit the phantom but do no damage.
The phantom is moderately damaged.
The phantom closely misses you.
You hit the phantom but do no damage.
The phantom is moderately damaged.
The phantom hits you.
* * * LOW HITPOINT WARNING * * *
Casting: Frozen Ramparts (safe; 1% risk of failure)
Confirm with . or Enter, or press ? or * to list all spells.
Aiming: Freeze (safe; 1% risk of failure)
Press: ? - help, Shift-Dir - straight line, f - phantom
Aim: a phantom (moderately damaged)
Okay, then.
Casting: Freeze (safe; 1% risk of failure)
Confirm with . or Enter, or press ? or * to list all spells.
A chill wind blows around you. The phantom hits you.
* * * LOW HITPOINT WARNING * * *
The phantom blinks!
You blink.
The phantom hits you.
* * * LOW HITPOINT WARNING * * *
The phantom blinks!
You blink.
An ogre comes into view. It is wielding a +0 giant spiked club.
The phantom hits you.
* * * LOW HITPOINT WARNING * * *
The phantom attacks as it pursues you! The phantom hits you.
* * * LOW HITPOINT WARNING * * *
The phantom blinks!
You blink.
The phantom hits you but does no damage.
The ogre attacks as it pursues you! The ogre closely misses you.
The phantom hits you.
* * * LOW HITPOINT WARNING * * *
The phantom attacks as it pursues you! The phantom hits you.
You die...

#.# #.# #.#
#.########.###+##
#..........##...##
######...........##
#######.#..#.#......<##
###....[|..............<#
......>..Y@.ยง#.#........+
#.####O.W.............#
#......####.......##
#.###.## ##.....## #. #..#
##...## # #.... ##+##
...... ...#.#. ........#


You could see an ogre, a phantom (ally target) and a friendly ice beast
(summoned).

Vanquished Creatures
  A black bear (D:4)
  A sky beast (D:3)
  A hound (D:4)
  An orc priest (D:3)
  2 iguanas (D:4)
  Robin (D:3)
  6 gnolls
  4 adders
  7 dart slugs
  3 ribbon worms (D:2)
  4 orcs
  5 bats
  3 endoplasms
  2 giant cockroaches
  12 goblins
  7 hobgoblins
  9 jackals
  4 quokkas
  5 ball pythons
  5 frilled lizards
  3 kobolds
  2 rats (D:1)
88 creatures vanquished.

Vanquished Creatures (collateral kills)
  An iguana (D:4)
  An adder (D:4)
  A dart slug (D:4)
  A ribbon worm (D:4)
4 creatures vanquished.

Grand Total: 92 creatures vanquished

Notes
Turn   | Place    | Note
-------+----------+-------------------------------------------
     0 | D:1      | Autsider the Barachi Ice Elementalist began the quest for
                  | the Orb.
     0 | D:1      | Reached XP level 1. HP: 13/13 MP: 3/3
   158 | D:1      | Reached skill level 5 in Ice Magic
   216 | D:1      | Reached XP level 2. HP: 13/20 MP: 3/5
   302 | D:1      | Reached skill level 1 in Fighting
   568 | D:1      | Reached XP level 3. HP: 26/26 MP: 3/6
   740 | D:1      | Found a faded altar of an unknown god.
   907 | D:2      | Learned a level 3 spell: Frozen Ramparts
  1393 | D:2      | Reached XP level 4. HP: 10/33 MP: 2/8
  1394 | D:2      | Reached skill level 6 in Ice Magic
  1913 | D:3      | Noticed Robin
  2038 | D:3      | Killed Robin
  2039 | D:3      | Reached XP level 5. HP: 39/39 MP: 0/9
  2043 | D:3      | Learned a level 3 spell: Ozocubu's Armour
  2413 | D:3      | Found an opulent altar of Gozag.
  2454 | D:3      | Noticed a sky beast
  2458 | D:3      | Killed a sky beast
  2459 | D:3      | Reached skill level 7 in Ice Magic
  2459 | D:3      | Reached XP level 6. HP: 47/47 MP: 6/11
  2686 | D:3      | Found Womuzaux's Armour Shop.
  2849 | D:4      | Learned a level 3 spell: Summon Ice Beast
  2878 | D:4      | Noticed a black bear
  2891 | D:4      | Killed a black bear
  2892 | D:4      | Reached skill level 1 in Summonings
  2892 | D:4      | Reached XP level 7. HP: 49/53 MP: 5/12
  2995 | D:4      | Found a staircase to the Ecumenical Temple.
  3027 | Temple   | Found a transporter.
  3027 | Temple   | Found a transporter.
  3027 | Temple   | Found a transporter.
  3027 | Temple   | Found a transporter.
  3027 | Temple   | Entered the Ecumenical Temple
  3469 | D:5      | Entered Level 5 of the Dungeon
  3503 | D:5      | Slain by a phantom

Illustrated notes

Levels and vault maps discovered:
D:1:      dpeg_arrival_tiny_a, layout_loops_ring,
          shapermc_ecumenical_altar_ellora, nicolae_hexahallways
D:2:      layout_loops_corners
D:3:      layout_loops_ring, amcnicky_altar_gilded, serial_shops, shop,
          kennysheep_cluttered_room, uniq_robin
D:4:      layout_basic, minmay_temple_entry_junction_2,
          dreamdust_princess_bridge
D:5:      layout_loops_corners, serial_co_window_serial, co_window_paths_a,
          co_window_of_opportunity_a, co_window_paths_a, co_window_paths_a,
          co_window_paths_b, co_window_2corner, co_window_cross_3,
          co_window_2corner, co_window_of_opportunity_c, glass_columns_a,
          glass_columns_c, glass_columns_a, glass_columns_a, serial_shops, shop,
          roderic_batcave
Temple:   hellmonk_temple_divided_pantheon

Skill      XL: |  1  2  3  4  5  6  7 |
---------------+----------------------+-----
Ice Magic      | 5 6 7 |  7.8
Fighting       | 1 2 3 4 |  4.1
Spellcasting   | 3 4 |  4.1
Summonings     | 1 2 |  2.1
Dodging        | |  2.1
Stealth        | |  1.7

Action                     |  1- 3 |  4- 6 |  7- 9 || total
---------------------------+-------+-------+-------++-------
  Melee: Unarmed           |     8 |       |       ||     8
         Spear             |    44 |    20 |       ||    64
         Trident           |       |    18 |    31 ||    49
   Cast: Freeze            |    29 |    27 |    18 ||    74
         Frozen Ramparts   |     3 |     9 |     3 ||    15
         Summon Ice Beast  |       |     1 |     5 ||     6
         Ozocubu's Armour  |       |     1 |       ||     1
    Use: Scroll            |       |     1 |       ||     1
   Stab: Sleeping          |     4 |     2 |       ||     6
         Distracted        |       |       |     1 ||     1
 Armour: Robe              |    45 |    44 |    33 ||   122
  Dodge: Dodged            |    39 |    33 |    23 ||    95

Table legend: (Time is in decaauts)
 A = Elapsed time spent in this place.
 B = Non-inter-level travel time spent in this place.
 C = Inter-level travel time spent in this place.
 D = Time resting spent in this place.
 E = Time spent auto-exploring this place.
 F = Levels seen in this place.
 G = Mean time per level.
                   A        B        C        D        E       F      G
               +--------+--------+--------+--------+--------+-----+--------+
         Total |   4050 |   3905 |    145 |    422 |   2800 |   6 |  675.0 |
       Dungeon |   4017 |   3905 |    112 |    422 |   2800 |   5 |  803.4 |
        Temple |     32 |      0 |     32 |      0 |      0 |   1 |   32.0 |
               +--------+--------+--------+--------+--------+-----+--------+

Top non-repeatable levels by time:
     D:2: 1249 daAuts
     D:1: 1053 daAuts
     D:3: 950 daAuts
     D:4: 726 daAuts
     D:5: 37 daAuts
  Temple: 32 daAuts
